 Dungeon Crawl Stone Soup version 0.29-a0-266-gf56f883ddd (webtiles) character file.

Game seed: 6088584563924188077

984 Wyvernaa the Magician (level 8, -3/87 HPs)
             Began as a Gnoll Wanderer on Mar 5, 2022.
             Was an Initiate of Okawaru.
             Slain by a gnoll
             ... wielding a +0 halberd
              (12 damage)
             ... on level 5 of the Dungeon on Mar 7, 2022.
             The game lasted 00:29:56 (10045 turns).

Wyvernaa the Magician (Gnoll Wanderer)             Turns: 10045, Time: 00:29:57

Health: -3/87      AC:  6    Str: 12    XL:     8   Next: 17%
Magic:  19/19      EV: 11    Int: 14    God:    Okawaru [......]
Gold:   265        SH:  0    Dex: 11    Spells: 19/22 levels left

rFire   + . .      SeeInvis .   i - +1 dagger (venom)
rCold   . . .      Faith    .   (no shield)
rNeg    . . .      Spirit   .   b - +0 ring mail
rPois   +          Reflect  .   (helmet restricted)
rElec   .          Harm     .   (no cloak)
rCorr   .          Rampage  .   (no gloves)
Will    .....      Rage     1%  (no boots)
Stlth   ..........              p - amulet of the acrobat
HPRegen 0.24/turn               h - ring of poison resistance
MPRegen 0.16/turn               m - ring of protection from fire

@: berserking, very quick
A: fangs 1, strong nose, distributed training, horns 1, berserk 1, MP-powered
wands
a: Renounce Religion


You were on level 5 of the Dungeon.
You worshipped Okawaru.
Okawaru was noncommittal.
You visited 2 branches of the dungeon, and saw 6 of its levels.
You also visited: Ossuary.

You collected 265 gold pieces.

Inventory:

Hand Weapons
 a - a +0 club
 i - a +1 dagger of venom (weapon)
 j - a +0 hand axe
Missiles
 c - 12 atropa-tipped darts (quivered)
Armour
 b - a +0 ring mail (worn)
 f - a +0 plate armour
Jewellery
 h - a ring of poison resistance (left hand)
 m - a ring of protection from fire (right hand)
 p - an amulet of the acrobat (around neck)
Scrolls
 g - a scroll of holy word
 o - a scroll of fog
 q - a scroll of fear
 r - a scroll of vulnerability
 s - 2 scrolls of magic mapping
Potions
 d - 3 potions of flight
 e - a potion of heal wounds
 n - 2 potions of curing
 t - a potion of mutation
 u - a potion of attraction {unknown}


   Skills:
 + Level 3.0 Fighting
 + Level 3.0 Short Blades
 + Level 3.0 Long Blades
 + Level 3.0 Axes
 + Level 3.0 Maces & Flails
 + Level 3.0 Polearms
 + Level 3.0 Staves
 + Level 3.0 Slings
 + Level 3.0 Bows
 + Level 3.0 Crossbows
 + Level 3.0 Throwing
 + Level 5.5 Armour
 + Level 3.0 Dodging
 + Level 3.0 Stealth
 + Level 3.0 Shields
 + Level 3.0 Unarmed Combat
 + Level 7.8 Spellcasting
 + Level 2.4 Conjurations
 + Level 2.4 Hexes
 + Level 2.4 Summonings
 + Level 4.5 Necromancy
 + Level 2.4 Translocations
 + Level 2.4 Transmutations
 + Level 2.4 Fire Magic
 + Level 4.5 Ice Magic
 + Level 2.4 Air Magic
 + Level 2.4 Earth Magic
 + Level 2.4 Poison Magic
 + Level 3.3 Invocations
 + Level 4.0 Evocations


You had 19 spell levels left.
You knew the following spells:

 Your Spells              Type           Power      Damage    Failure   Level
a - Freeze                Ice            72%        1d9       4%          1
b - Pain                  Necr           72%        1d7       4%          1
c - Animate Skeleton      Necr           36%        N/A       4%          1

Your spell library contained the following spells:

 Spells                   Type           Power      Damage    Failure   Level
 Apportation              Tloc           24%        N/A       10%         1
 Ozocubu's Armour         Ice            18%        N/A       12%         3
 Scorch                   Fire           24%        2d6       14%         2
 Dispel Undead            Necr           18%        3d11      38%         4
 Anguish                  Hex/Necr       7%         N/A       54%         4
 Flame Wave               Conj/Fire      12%        2d6       67%         4
 Summon Small Mammal      Summ           Unusable   N/A       N/A         1
 Summon Cactus Giant      Summ           Unusable   N/A       N/A         6

Dungeon Overview and Level Annotations

Branches:
Dungeon (5/15)             Temple (1/1) D:4         Ossuary (visited)

Altars:
Ashenzari
Cheibriados
Elyvilon
Gozag
Hepliaklqana
Makhleb
Nemelex Xobeh
Okawaru
Uskayaw
Yredelemnul
The Shining One

Shops:
D:1 ?


Innate Abilities, Weirdness & Mutations

You have very sharp teeth.
Your uncanny sense of smell can sniff out nearby items.
Your experience applies equally to all skills.
You have a pair of small horns on your head.
You tend to lose your temper in combat.
You expend magic power (3 MP) to strengthen your wands.


Message History

A red film seems to cover your vision as you go berserk!
You feel yourself moving faster!
You feel mighty!
You barely miss the gnoll. You bite the gnoll.
The gnoll is severely wounded.
The gnoll hits you with a +0 whip.
* * * LOW HITPOINT WARNING * * *
You closely miss the gnoll. Your bite misses the gnoll.
The gnoll is severely wounded.
You closely miss the gnoll. You headbutt the gnoll.
The gnoll is almost dead.
The gnoll barely misses you. The gnoll hits you with a +0 whip.
* * * LOW HITPOINT WARNING * * *
You closely miss the gnoll.
The gnoll is almost dead.
The gnoll hits you from afar with a +0 spear.
* * * LOW HITPOINT WARNING * * *
The gnoll barely misses you.
You hit the gnoll.
You kill the gnoll!
Okawaru accepts your kill.
The gnoll shaman shouts!
The gnoll hits you but does no damage. The gnoll completely misses you.
Things that are here:
a +0 whip; a gnoll corpse You closely miss the gnoll.
Your bite misses the gnoll. You puncture the gnoll!
The gnoll looks as sick as possible!
You headbutt the gnoll.
You kill the gnoll!
Okawaru accepts your kill. The gnoll misses you.
The gnoll shaman calls upon its god to heal the gnoll.
The gnoll's wounds heal themselves!
The gnoll closely misses you. The gnoll completely misses you.
You see here a +0 spear.
You completely miss the gnoll. Your headbutt misses the gnoll.
The gnoll misses you.
You hit the gnoll.
The gnoll is poisoned.
The gnoll is lightly wounded.
The gnoll hits you from afar with a +0 halberd!
You die...

. ... .# #. #. .# #
S. #. ####### .#.#
.###.
#...g.##.#.#.#.#....
#.###.#....#.#......
#.#.g...#.......#.#.
#.#.#.#....#.#.##.#.
#.)@gg.......#.#....
###..###.#...#.#..##
#..# #.#...#.#.)#
#..# #.....<....#
#..######...##.###
#......##.........
##.###<##...#####.
#.#.......## #.
#.#.......# #.


You could see a gnoll shaman and 2 gnolls.

Vanquished Creatures
  A wraith (Ossuary)
  A water moccasin (D:5)
  A black bear (D:5)
  An ice beast (D:5)
  A sky beast (D:5)
  A necrophage (D:5)
  A hound (D:5)
  4 orc wizards
  3 mummies (Ossuary)
  2 gnolls (D:5)
  7 adders
  2 worms
  5 dart slugs
  17 orcs
  8 ball pythons
  5 bats
  5 endoplasms
  3 giant cockroaches
  A gnoll zombie (Ossuary)
  6 goblins
  8 hobgoblins
  6 jackals
  6 quokkas
  3 frilled lizards
  7 goblin zombies
  A hobgoblin zombie (Ossuary)
  9 kobolds
  2 kobold zombies (Ossuary)
  A rat (D:2)
  A rat zombie (D:5)
119 creatures vanquished.

Vanquished Creatures (others)
  5 plants (D:1)
5 creatures vanquished.

Grand Total: 124 creatures vanquished

Notes
Turn   | Place    | Note
-------+----------+-------------------------------------------
     0 | D:1      | Wyvernaa the Gnoll Wanderer began the quest for the Orb.
     0 | D:1      | Wyvernaa set off with the following items: a +0 club, a +0
                  | ring mail; and the following spells available to memorise:
                  | Freeze, Pain, Ozocubu's Armour, Dispel Undead, Anguish
     0 | D:1      | Reached XP level 1. HP: 13/13 MP: 8/8
     2 | D:1      | Learned a level 1 spell: Freeze
     4 | D:1      | Learned a level 1 spell: Pain
   612 | D:1      | Reached XP level 2. HP: 11/19 MP: 5/10
  1802 | D:1      | Reached XP level 3. HP: 21/25 MP: 7/11
  1979 | D:1      | Found Uclierr's Magic Scroll Shop.
  2739 | D:2      | Reached skill level 1 in Invocations
  2838 | D:2      | Reached skill level 1 in Fighting
  2838 | D:2      | Reached skill level 1 in Short Blades
  2838 | D:2      | Reached skill level 1 in Long Blades
  2838 | D:2      | Reached skill level 1 in Axes
  2838 | D:2      | Reached skill level 1 in Maces & Flails
  2838 | D:2      | Reached skill level 1 in Polearms
  2838 | D:2      | Reached skill level 1 in Staves
  2838 | D:2      | Reached skill level 1 in Slings
  2838 | D:2      | Reached skill level 1 in Bows
  2838 | D:2      | Reached skill level 1 in Crossbows
  2838 | D:2      | Reached skill level 1 in Throwing
  2838 | D:2      | Reached skill level 1 in Dodging
  2838 | D:2      | Reached skill level 1 in Stealth
  2838 | D:2      | Reached skill level 1 in Shields
  2838 | D:2      | Reached skill level 1 in Unarmed Combat
  3338 | D:2      | Found a faded altar of an unknown god.
  3357 | D:2      | Reached XP level 4. HP: 32/32 MP: 13/13
  4114 | D:2      | Learned a level 1 spell: Animate Skeleton
  4186 | D:3      | Reached skill level 1 in Conjurations
  4186 | D:3      | Reached skill level 1 in Hexes
  4186 | D:3      | Reached skill level 1 in Summonings
  4186 | D:3      | Reached skill level 1 in Translocations
  4186 | D:3      | Reached skill level 1 in Transmutations
  4186 | D:3      | Reached skill level 1 in Fire Magic
  4186 | D:3      | Reached skill level 1 in Air Magic
  4186 | D:3      | Reached skill level 1 in Earth Magic
  4186 | D:3      | Reached skill level 1 in Poison Magic
  4551 | D:3      | Reached XP level 5. HP: 31/37 MP: 8/14
  5365 | D:3      | Found a broken altar of Ashenzari.
  5732 | D:3      | Upgraded the game from 0.29-a0-251-g80730f7218 to
                  | 0.29-a0-266-gf56f883ddd
  6090 | D:4      | You fall into a shaft and drop 1 floor!
  6090 | D:5      | Entered Level 5 of the Dungeon
  6091 | D:5      | Noticed a sky beast
  6093 | D:5      | Found a sand-covered staircase.
  6100 | Ossuary  | Entered an ossuary
  6100 | Ossuary  | Noticed a wraith
  6100 | Ossuary  | Noticed a wraith
  6100 | Ossuary  | Noticed a wraith
  6678 | Ossuary  | Reached XP level 6. HP: 37/44 MP: 16/16
  7072 | Ossuary  | Noticed a wraith
  7085 | Ossuary  | Gained mutation: You expend magic power (3 MP) to
                  | strengthen your wands. [potion of mutation]
  7085 | Ossuary  | Gained mutation: You have a pair of small horns on your
                  | head. [potion of mutation]
  7085 | Ossuary  | Gained mutation: You tend to lose your temper in combat.
                  | [potion of mutation]
  7092 | Ossuary  | HP: 2/66 [wraith (4)]
  7096 | Ossuary  | Killed a wraith
  7097 | Ossuary  | Reached skill level 5 in Armour
  8034 | D:5      | Killed a sky beast
  8035 | D:5      | Reached XP level 7. HP: 42/50 MP: 18/18
  8383 | D:5      | Reached XP level 8. HP: 47/57 MP: 19/19
  9280 | D:4      | Found a staircase to the Ecumenical Temple.
  9298 | Temple   | Entered the Ecumenical Temple
  9422 | Temple   | Became a worshipper of Warmaster Okawaru
  9831 | D:4      | Found a glowing golden altar of the Shining One.
 10045 | D:5      | Slain by a gnoll

Illustrated notes

Levels and vault maps discovered:
D:1:      heliophobic_arrival_enchanted_forest, layout_loops_cross,
          serial_shops, shop, serial_bayou_ford_a
D:2:      layout_basic, nicolae_ecumenical_oubliette, minmay_misc_feat_diagonals
D:3:      layout_basic, ashenzari_altar_1, minmay_puff
D:4:      layout_loops_corners, mainiacjoe_overflow_surrounded_room,
          minmay_temple_entry_wispy
D:5:      layout_loops_ring, mainiacjoe_overflow_large_starburst,
          enter_ossuary_4, kennysheep_path_1, uniq_ijyb
Temple:   nicolae_temple_figure_zero

Skill      XL: |  1  2  3  4  5  6  7  8 |
---------------+-------------------------+-----
Invocations    | 1 2 3 |  3.3
Fighting       | 1 2 3 |  3.0
Short Blades   | 1 2 3 |  3.0
Long Blades    | 1 2 3 |  3.0
Axes           | 1 2 3 |  3.0
Maces & Flails | 1 2 3 |  3.0
Polearms       | 1 2 3 |  3.0
Staves         | 1 2 3 |  3.0
Slings         | 1 2 3 |  3.0
Bows           | 1 2 3 |  3.0
Crossbows      | 1 2 3 |  3.0
Throwing       | 1 2 3 |  3.0
Dodging        | 1 2 3 |  3.0
Stealth        | 1 2 3 |  3.0
Shields        | 1 2 3 |  3.0
Unarmed Combat | 1 2 3 |  3.0
Conjurations   | 1 2 |  2.4
Hexes          | 1 2 |  2.4
Summonings     | 1 2 |  2.4
Translocations | 1 2 |  2.4
Transmutations | 1 2 |  2.4
Fire Magic     | 1 2 |  2.4
Air Magic      | 1 2 |  2.4
Earth Magic    | 1 2 |  2.4
Poison Magic   | 1 2 |  2.4
Evocations     | 3 4 |  4.0
Necromancy     | 4 |  4.5
Ice Magic      | 4 |  4.5
Armour         | 5 |  5.5
Spellcasting   | |  7.8

Action                   |  1- 3 |  4- 6 |  7- 9 || total
-------------------------+-------+-------+-------++-------
Melee: Club              |   128 |    31 |       ||   159
       Bite              |    10 |    30 |    12 ||    52
       Punch             |     1 |     3 |     4 ||     8
       Hand axe          |       |    35 |       ||    35
       Dagger            |       |   159 |   125 ||   284
       Headbutt          |       |     4 |    26 ||    30
 Cast: Pain              |    36 |    12 |       ||    48
       Freeze            |     8 |    25 |       ||    33
  Use: Scroll            |     2 |    10 |     3 ||    15
       Potion            |       |     6 |       ||     6
 Stab: Sleeping          |       |       |     1 ||     1
Armor: Ring mail         |    94 |    84 |    24 ||   202
Dodge: Dodged            |   111 |   107 |    72 ||   290

Table legend: (Time is in decaauts)
 A = Elapsed time spent in this place.
 B = Non-inter-level travel time spent in this place.
 C = Inter-level travel time spent in this place.
 D = Time resting spent in this place.
 E = Time spent auto-exploring this place.
 F = Levels seen in this place.
 G = Mean time per level.
                   A        B        C        D        E       F      G
               +--------+--------+--------+--------+--------+-----+--------+
         Total |  10137 |  10002 |    135 |   4986 |   2808 |   7 | 1448.1 |
       Dungeon |   8057 |   7922 |    135 |   3578 |   2648 |   5 | 1611.4 |
        Temple |    134 |    134 |      0 |     41 |      0 |   1 |  134.0 |
       Ossuary |   1945 |   1945 |      0 |   1367 |    160 |   1 | 1945.0 |
               +--------+--------+--------+--------+--------+-----+--------+

Top non-repeatable levels by time:
     D:1: 2662 daAuts
 Ossuary: 1945 daAuts
     D:3: 1925 daAuts
     D:2: 1526 daAuts
     D:4: 1141 daAuts
     D:5: 802 daAuts
  Temple: 134 daAuts
